 Dungeon Crawl Stone Soup version 0.27.1-34-g3ba077fa99 (webtiles) character file.

Game seed: 15798019795765290831

39806 MisterFreud the Spry (level 13, -2/69 HPs)
             Began as a Felid Berserker on Dec 31, 2021.
             Was the Champion of Trog.
             Hit by a large rock thrown by a cyclops (17 damage)
             ... on level 1 of the Shoals on Jan 1, 2022.
             The game lasted 01:08:16 (44364 turns).

MisterFreud the Spry (Felid Berserker)             Turns: 44364, Time: 01:08:17

Health: -2/69      AC:  3    Str: 13    XL:     13   Next: 71%
Magic:  14/14      EV: 33    Int:  9    God:    Trog [******]
Gold:   1330       SH:  0    Dex: 22    Spells: 12/12 levels left
                                        Lives:  0   Deaths: 2

rFire    + . .     SeeInvis +     - Unarmed
rCold    . . .     Faith    +   (shield unavailable)
rNeg     . . .     Spirit   .   (armour unavailable)
rPois    .         Reflect  .   (helmet unavailable)
rElec    .         Harm     .   (cloak unavailable)
rCorr    .         Rampage  .   (gloves unavailable)
Will     ++...                  (boots unavailable)
Stlth    ++++++....             D - amulet of faith
HPRegen  0.21/turn              k - ring of fire
MPRegen  0.14/turn              w - ring of willpower

@: quick
A: very small, claws 1, fangs 3, see invisible, speed 1, shaggy fur 3, stealthy
paws, no weapons or thrown items, no armour, multi-lived
a: Renounce Religion, Berserk, Trog's Hand, Brothers in Arms


You were on level 1 of the Shoals.
You worshipped Trog.
Trog was exalted by your worship.
You visited 5 branches of the dungeon, and saw 26 of its levels.
You also visited: Ice Cave.

You collected 2700 gold pieces.
You spent 1370 gold pieces at shops.

Inventory:

Jewellery
 h - a ring of protection from cold
 k - a ring of fire (left paw)
 n - a ring of protection from cold
 t - an amulet of reflection
 w - a ring of willpower (right paw)
 B - a ring of resist corrosion
 D - an amulet of faith (around neck)
 H - a ring of willpower
 I - an amulet of the acrobat
 N - a ring of willpower
Wands
 d - a wand of polymorph (16)
 j - a wand of paralysis (19)
 q - a wand of iceblast (43)
 r - a wand of digging (1)
 F - a wand of mindburst (21)
 L - a wand of acid (11)
Scrolls
 a - 6 scrolls of teleportation
 u - 3 scrolls of magic mapping
 x - 8 scrolls of identify
 E - a scroll of torment
 M - 2 scrolls of holy word
 O - a scroll of blinking
Potions
 b - 3 potions of haste
 c - 3 potions of berserk rage
 e - 3 potions of attraction
 f - a potion of ambrosia
 g - 4 potions of flight
 i - 3 potions of resistance
 l - 2 potions of curing
 m - 3 potions of lignification
 o - 3 potions of invisibility
 p - 3 potions of cancellation
 v - a potion of mutation
 z - 2 potions of might
 A - 2 potions of heal wounds
 G - a potion of magic
Miscellaneous
 s - a box of beasts
 y - a piece from Xom's chessboard (15/15)
 C - a condenser vane
 J - a tin of tremorstones (2/2)
 K - a phantom mirror


   Skills:
 - Level 15.0 Fighting
 + Level 16.0 Dodging
 - Level 15.0 Stealth
 - Level 15.0 Unarmed Combat
 - Level 10.0 Evocations


You had 12 spell levels left.
You didn't know any spells.
Your spell library was empty.

Dungeon Overview and Level Annotations

Branches:
Dungeon (15/15)            Temple (0/1) D:7            Lair (6/6) D:11
 Shoals (1/4) Lair:4        Snake (2/4) Lair:3        Slime (0/5) Lair:5
    Orc (2/2) D:11            Elf (0/3) Orc:2        Vaults (0/5) D:14
 Depths (0/5) D:15          IceCv (visited)

Altars:
Ashenzari
Gozag
Vehumet
Wu Jian
Xom

Shops:
D:4 *   D:6 *   D:9 *   D:12 *   Orc:1 (   Orc:2 !=((

Portals:
Abyss: Lair:4

Annotations:
D:8 exclusion: statue
D:9 exclusion: 2 electric eels
Lair:2 Prince Ribbit
Lair:4 1 transporter, Jaiteiro's ghost, journeyman MiFi
Lair:5 3 runed translucent doors, exclusion: 2 oklob plants, LLlMATKO's ghost, journeyman MiBe
Snake:1 1 runed translucent door, sydd's ghost, adept DgFi
Orc:1 1 runed translucent door, contendunt's ghost, journeyman MiFi


Innate Abilities, Weirdness & Mutations

You have sharp claws.
You have razor-sharp teeth.
You have supernaturally acute eyesight. (SInv)
You cover ground quickly. (Speed+)
Your thick and shaggy fur keeps you warm. (AC +3, rC+)
Your paws help you pounce on unaware monsters.
You are incapable of wielding weapons or throwing items.
You cannot wear armour.
You gain extra lives every three experience levels.


Message History

The manticore is severely wounded.
The manticore bites you!!
You die...
The manticore closely misses you. The manticore completely misses you.
You are now level 13!
You rejoin the land of the living...
Unknown command.
Unknown command.
Welcome back, MisterFreud the Felid Berserker.
Trog says: Kill them all!
Press ? for a list of commands and other information.
You enter the shallow water.
Moving in this stuff is going to be slow.
A manticore is nearby!
A manticore is nearby!
A merfolk aquamancer and a cyclops come into view.
The merfolk aquamancer is wielding a +0 rapier of draining.
The manticore completely misses you. The manticore claws you.
The manticore completely misses you.
The cyclops throws a large rock.
The large rock hits you!!!
Ouch! That really hurt!
You are too injured to fight recklessly!
You are too injured to fight recklessly!
You are too injured to fight recklessly!
Unknown command.
The cyclops shouts!
The merfolk aquamancer shouts!
You scratch the manticore.
The manticore is severely wounded.
The manticore completely misses you. The manticore misses you.
The manticore claws you!
* * * LOW HITPOINT WARNING * * *
You claw the manticore!
You kill the manticore!
Trog accepts your kill.
A water elemental comes into view.
Training target 15.0 for Stealth reached!
Your Stealth skill increases to level 15!
You need to enable at least one skill for training.
The cyclops throws a large rock.
The large rock hits you!
You die...

............≈≈≈≈≈≈≈≈≈≈≈ #
.......[.......≈≈≈≈≈≈≈≈ ..
##P........≈(.<...≈≈≈≈≈
..#............##.....≈≈≈ .
...........(.###....≈≈≈ ...
##..[......≈.....##..≈≈≈
..P.#.P..........≈...## ..≈≈
.##..C†........≈≈≈...##..≈≈
....PE.m....@....≈≈≈..>...≈≈
.........................≈≈≈
.....C..!.........≈.≈≈≈≈≈≈≈≈
≈≈≈≈.............≈≈≈≈≈≈≈≈≈≈≈
≈≈≈≈...............≈≈≈≈≈≈≈≈≈
≈≈≈≈≈...........###.≈≈≈≈≈≈≈≈
≈≈≈≈≈≈........≈≈# #..≈≈≈≈≈≈≈
≈≈≈...######.≈≈$ ..≈≈≈≈≈≈≈≈
≈≈≈... #..≈...≈≈≈≈≈≈≈≈≈


You could see a merfolk aquamancer, 2 cyclopes and a water elemental
(wandering).

Vanquished Creatures
  Gastronok (D:8)
  2 azure jellies (IceCv)
  A quicksilver ooze (IceCv)
  Nessos (D:14)
  Josephine (Orc:1)
  8 hydras
  14 two-headed ogres
  2 catoblepae
  5 centaur warriors
  2 anacondas
  2 ogre magi (Orc:2)
  12 death yaks
  A deep troll shaman (Lair:6)
  A tengu warrior (D:15)
  A shock serpent (Snake:1)
  2 naga sharpshooters (Snake:1)
  6 skeletal warriors
  2 deep trolls
  A lindwurm (Lair:6)
  Pikel (D:9)
  An orc knight (Orc:2)
  A deep elf pyromancer (D:14)
  An orc sorcerer (Orc:1)
  6 cyclopes
  A manticore (Shoals:1)
  6 ugly things
  12 elephants
  6 black mambas
  A fire giant skeleton (D:15)
  2 naga magi (Snake:1)
  4 centaur skeletons (D:14)
  7 cane toads
  4 rime drakes
  An unseen horror (D:12)
  An efreet (D:14)
  4 yaktaurs (D:14)
  Psyche (D:8)
  10 komodo dragons
  A tengu conjurer (D:11)
  5 entropy weaver simulacra (IceCv)
  A polar bear (Lair:6)
  11 trolls
  16 slime creatures
  6 blink frogs
  A centaur simulacrum (D:11)
  A vampire (D:12)
  42 yaks
  3 wyverns
  A hog (shapeshifter) (D:14)
  7 wraiths
  A steam dragon (D:7)
  3 basilisks
  7 vampire mosquitoes
  3 wargs
  3 demonic crawler simulacra (IceCv)
  5 acid dragons
  9 water moccasins
  10 nagas
  An ice beast (D:7)
  20 orc warriors
  A sky beast (D:6)
  2 ugly thing simulacra (IceCv)
  6 black bears
  2 hornet zombies
  A boggart (D:14)
  A necrophage (D:7)
  23 ogres
  12 centaurs
  11 wolves
  A phantom (D:6)
  A lemure (D:9)
  5 kobold brigands
  10 bullfrogs
  2 glowing shapeshifter simulacra (IceCv)
  3 scorpions
  2 water moccasin zombies
  12 killer bees
  A howler monkey (D:5)
  4 centaur zombies
  A bullfrog zombie (D:6)
  2 gnoll shamans
  15 orc priests
  2 hounds
  An iguana (D:5)
  18 orc wizards
  A howler monkey zombie (D:9)
  14 gnolls
  A howler monkey skeleton (D:6)
  4 adders
  A river rat (D:5)
  A shadow imp (D:8)
  3 white imps
  2 ufetubi
  An adder skeleton (D:4)
  4 worms
  2 dart slugs
  77 orcs
  5 bats
  4 endoplasms
  A giant cockroach (D:3)
  4 goblins
  6 hobgoblins
  4 jackals (D:3)
  4 quokkas
  3 training dummies (Orc:1)
  7 ball pythons
  4 frilled lizards
  19 kobolds
  11 rats
614 creatures vanquished.

Vanquished Creatures (collateral kills)
  Maggie (Lair:1)
  A blink frog (Lair:1)
  An orc warrior (D:11)
  An orc (D:11)
4 creatures vanquished.

Vanquished Creatures (others)
  A yaktaur (D:14)
  A troll (D:13)
  A slime creature (D:13)
  A shadow (D:13)
  A demonic crawler simulacrum (IceCv)
  An adder (D:6)
  A bush (Lair:5)
  31 fungi
  66 plants
  14 withered plants (D:15)
118 creatures vanquished.

Grand Total: 736 creatures vanquished

Notes
Turn   | Place    | Note
-------+----------+-------------------------------------------
     0 | D:1      | MisterFreud the Felid Berserker began the quest for the
                  | Orb.
     0 | D:1      | Reached XP level 1. HP: 10/10 MP: 2/2
    59 | D:1      | Reached skill level 1 in Stealth
   132 | D:1      | Found a faded altar of an unknown god.
   420 | D:1      | Reached XP level 2. HP: 14/14 MP: 3/3
  1193 | D:2      | Reached XP level 3. HP: 13/17 MP: 4/4
  2157 | D:3      | Reached ** piety under Trog
  2361 | D:3      | Reached XP level 4. HP: 21/21 MP: 5/5
  3089 | D:4      | Found Gutuimuw's Gadget Gallery.
  3198 | D:4      | HP: 1/21 [orc (1)]
  3557 | D:4      | Noticed a bullfrog
  3563 | D:4      | Killed a bullfrog
  3564 | D:4      | Reached skill level 5 in Stealth
  3564 | D:4      | Reached XP level 5. HP: 24/24 MP: 6/6
  3828 | D:4      | Reached skill level 5 in Unarmed Combat
  4018 | D:4      | Noticed a black bear
  4025 | D:4      | Killed a black bear
  4026 | D:4      | Gained mutation: You are covered in thick fur. (AC +2)
                  | [Felid growth]
  4026 | D:4      | Reached XP level 6. HP: 28/28 MP: 7/7
  4216 | D:4      | Reached skill level 5 in Dodging
  5115 | D:5      | Entered Level 5 of the Dungeon
  5136 | D:5      | Reached skill level 6 in Dodging
  5136 | D:5      | Reached XP level 7. HP: 31/31 MP: 8/8
  5137 | D:5      | Reached *** piety under Trog
  5492 | D:5      | Reached skill level 7 in Dodging
  5830 | D:5      | Reached skill level 8 in Dodging
  6473 | D:6      | Reached skill level 9 in Dodging
  6715 | D:6      | Reached XP level 8. HP: 29/34 MP: 9/9
  7193 | D:6      | Reached skill level 10 in Dodging
  7788 | D:6      | Reached skill level 5 in Fighting
  7795 | D:6      | Found Cucvuduo's Assorted Antiques.
  7799 | D:6      | Bought a murky coppery potion for 30 gold pieces
  8693 | D:7      | Found a staircase to the Ecumenical Temple.
  9045 | D:7      | Reached XP level 9. HP: 39/41 MP: 10/10
 10024 | D:8      | Noticed a two-headed ogre
 10182 | D:8      | Killed a two-headed ogre
 10183 | D:8      | Reached skill level 10 in Stealth
 10461 | D:8      | Noticed Gastronok
 10475 | D:8      | Killed Gastronok
 10476 | D:8      | Reached skill level 10 in Unarmed Combat
 10476 | D:8      | Reached XP level 10. HP: 45/45 MP: 11/11
 10545 | D:8      | Reached skill level 11 in Dodging
 10969 | D:8      | Found a radiant altar of Vehumet.
 10976 | D:8      | Noticed Psyche
 10985 | D:8      | Killed Psyche
 10986 | D:8      | Reached skill level 12 in Dodging
 11315 | D:9      | Noticed Pikel
 11327 | D:9      | Killed Pikel
 12032 | D:9      | Found Reteur's General Store.
 12343 | D:10     | Entered Level 10 of the Dungeon
 12354 | D:10     | Noticed a two-headed ogre
 12359 | D:10     | Reached skill level 13 in Dodging
 12367 | D:10     | Killed a two-headed ogre
 12638 | D:10     | Reached skill level 14 in Dodging
 12645 | D:10     | Reached skill level 1 in Evocations
 12774 | D:10     | Reached XP level 11. HP: 48/48 MP: 12/12
 12824 | D:10     | Reached **** piety under Trog
 13174 | D:10     | Reached skill level 5 in Evocations
 13872 | D:11     | Found a staircase to the Lair.
 14279 | D:4      | Bought a box of beasts for 560 gold pieces
 14279 | D:4      | Upgraded the game from 0.27.1-33-g824d729ab1 to
                  | 0.27.1-34-g3ba077fa99
 14509 | D:11     | Noticed a skeletal warrior
 14511 | D:11     | Noticed a skeletal warrior
 14513 | D:11     | Killed a skeletal warrior
 14514 | D:11     | Noticed a skeletal warrior
 14515 | D:11     | Noticed a skeletal warrior
 14516 | D:11     | Killed a skeletal warrior
 15574 | D:11     | Found a staircase to the Orcish Mines.
 16466 | D:12     | Noticed a green ugly thing
 16482 | D:12     | Killed a green ugly thing
 16722 | D:12     | Identified the +5 ring mail "Taciaq" {rN+ Dex+6}
 16746 | D:12     | Found Golorurph's General Store.
 16765 | D:12     | Reached skill level 10 in Evocations
 16959 | D:12     | Noticed a two-headed ogre
 16965 | D:12     | Killed a two-headed ogre
 17107 | D:12     | Noticed a four-headed hydra
 17118 | D:12     | Killed a four-headed hydra
 17241 | D:12     | Noticed a two-headed ogre
 17252 | D:12     | Killed a two-headed ogre
 17253 | D:12     | Gained mutation: Your thick and shaggy fur keeps you warm.
                  | (AC +3, rC+) [Felid growth]
 17253 | D:12     | Reached XP level 12. HP: 30/55 MP: 13/13
 18218 | Lair:1   | Entered Level 1 of the Lair of Beasts
 18218 | Lair:1   | Noticed a six-headed hydra
 18228 | Lair:1   | Killed a six-headed hydra
 18396 | Lair:1   | Noticed a five-headed hydra
 18431 | Lair:1   | Killed a five-headed hydra
 18432 | Lair:1   | Reached skill level 10 in Fighting
 18677 | Lair:1   | Noticed Maggie
 18695 | Lair:1   | Killed Maggie
 19524 | Lair:2   | Found a frozen archway.
 19537 | IceCv    | Entered an ice cave
 20906 | IceCv    | Noticed a quicksilver ooze
 20921 | IceCv    | Killed a quicksilver ooze
 21744 | IceCv    | Found a viscous altar of Jiyva.
 21744 | IceCv    | Noticed an azure jelly
 21783 | IceCv    | Killed an azure jelly
 21784 | IceCv    | Reached XP level 13. HP: 63/63 MP: 14/14
 21857 | IceCv    | Noticed an azure jelly
 21871 | IceCv    | Killed an azure jelly
 21879 | IceCv    | Identified the +0 ice dragon scales of Kudgho {rF- rC++
                  | Str+4 Int+2 Dex+2 SInv}
 22724 | Lair:3   | Noticed Prince Ribbit
 23933 | Lair:3   | Found a staircase to the Snake Pit.
 24609 | Lair:4   | Found a transporter.
 25011 | Lair:4   | Found a staircase to the Shoals.
 26315 | Lair:4   | Found a one-way gate to the infinite horrors of the Abyss.
 26315 | Lair:4   | Noticed Jaiteiro's ghost (journeyman MiFi)
 27566 | Lair:5   | Reached ***** piety under Trog
 27720 | Lair:6   | Entered Level 6 of the Lair of Beasts
 29201 | Lair:5   | Found a runed translucent gate.
 29201 | Lair:5   | Found a runed translucent gate.
 29201 | Lair:5   | Found a runed translucent gate.
 29203 | Lair:5   | Noticed LLlMATKO's ghost (journeyman MiBe)
 29460 | Lair:5   | You fall into a shaft and drop 1 floor!
 29472 | Lair:6   | Reached XP level 14. HP: 19/70 MP: 15/15
 31089 | Lair:4   | HP: 4/106 [six-headed hydra (12)]
 31657 | Lair:5   | Found a staircase to the Slime Pits.
 32543 | Lair:6   | Reached skill level 15 in Dodging
 32971 | D:4      | Bought a phantom mirror for 560 gold pieces
 33144 | D:13     | Found a shimmering altar of Xom.
 35715 | D:14     | Found an ornate altar of the Wu Jian Council.
 35850 | D:14     | Found an opulent altar of Gozag.
 36119 | D:14     | Noticed Nessos
 36184 | D:14     | Killed Nessos
 36644 | D:14     | Found a gate to the Vaults.
 36936 | D:15     | Entered Level 15 of the Dungeon
 36936 | D:15     | Found a staircase to the Depths.
 36973 | D:14     | Reached XP level 15. HP: 68/76 MP: 16/16
 36998 | D:15     | Reached skill level 16 in Dodging
 37104 | D:15     | Found a broken altar of Ashenzari.
 38085 | Orc:1    | Entered Level 1 of the Orcish Mines
 38090 | Orc:1    | Noticed Josephine
 38105 | Orc:1    | Killed Josephine
 38368 | Orc:1    | Reached ****** piety under Trog
 38516 | Orc:1    | Found Cehez's Firing Range.
 38569 | Orc:1    | Reached skill level 15 in Unarmed Combat
 38987 | Orc:2    | Entered Level 2 of the Orcish Mines
 38989 | Orc:2    | Reached skill level 15 in Fighting
 39131 | Orc:2    | Found a staircase to the Elven Halls.
 39439 | Orc:2    | Found Uthrosa's Antique Weapon Emporium.
 40139 | Orc:1    | Found a runed translucent door.
 40139 | Orc:1    | Noticed contendunt's ghost (journeyman MiFi)
 41121 | Orc:2    | Found Koereu's Antique Weapon Boutique.
 41134 | Orc:2    | Found Webufev's Distillery.
 41732 | Orc:2    | Bought a potion of invisibility for 88 gold pieces
 41732 | Orc:2    | Bought a potion of might for 44 gold pieces
 41732 | Orc:2    | Bought a potion of magic for 88 gold pieces
 41734 | Orc:2    | Found Qeoghink's Jewellery Emporium.
 42243 | Snake:1  | Entered Level 1 of the Snake Pit
 42466 | Snake:1  | Found a runed translucent door.
 42467 | Snake:1  | Noticed sydd's ghost (adept DgFi)
 43330 | Snake:1  | Shot with an arrow by a naga sharpshooter
 43331 | Snake:1  | Reached XP level 14. HP: -1/73 MP: 15/15
 43977 | Snake:2  | Noticed a nagaraja
 44287 | Shoals:1 | Entered Level 1 of the Shoals
 44351 | Shoals:1 | Mangled by a manticore
 44352 | Shoals:1 | Reached XP level 13. HP: -6/69 MP: 14/14
 44364 | Shoals:1 | Reached skill level 15 in Stealth
 44364 | Shoals:1 | Hit by a large rock thrown by a cyclops

Illustrated notes

Levels and vault maps discovered:
D:1:      minmay_arrival_open_corners, layout_basic,
          shapermc_ecumenical_altar_flowoftime
D:2:      layout_basic
D:3:      cheibrodos_old_hovel, layout_basic, minmay_box_of_dots
D:4:      layout_loops_corners, nicolae_shop_gadgets
D:5:      layout_loops_ring, gup_sewer_entry_bubbles
D:6:      layout_layer_cave, serial_shops, shop, lemuel_flamethrower_2
D:7:      layout_loops_corners, minmay_temple_entry_waves, hex_large,
          hangedman_abyss_or_decor_jellyfish_corner
D:8:      layout_loops_cross, vehumet_statue, uniq_psyche, uniq_gastronok
D:9:      layout_loops_cross, nicolae_inconvenience_store, uniq_pikel
D:10:     layout_loops_ring
D:11:     layout_loops_corners, lair_entry_dummy, hiddenorc1_lemuel,
          special_room [special_room_orc], wad_mini_maze
D:12:     layout_loops_corners, serial_shops, shop,
          chequers_serial_rivers_small_3
D:13:     layout_basic, xom_confusion_cloud
D:14:     layout_basic, hangedman_vaults_entry_quadrant_bands,
          nicolae_wu_jian_wuxing_cycle, gauntlet_entry_generic,
          grunt_decor_fettered, nicolae_gozag_cash_rules_everything_around_me,
          uniq_nessos
D:15:     gammafunk_depths_entry_grave, layout_layer_cave,
          minmay_misc_feat_cross, cheibrodos_ashenzari_chains
Lair:1:   layout_misc_corridors, uniq_maggie
Lair:2:   layout_cave_pods, portal_ice_cave_rime
Lair:3:   layout_hall_layers, guppyfry_snake_entry_island, serial_bayou_shore_a,
          serial_bayou_shore_b, uniq_prince_ribbit2
Lair:4:   layout_regular_city, minmay_shoals_entry_centaurs,
          gammafunk_ghost_abyssal_escape, serial_rivers,
          chequers_serial_rivers_micro_d, chequers_serial_rivers_small_3,
          chequers_serial_rivers_small_a, chequers_serial_rivers_micro_a,
          chequers_serial_rivers_room_b, chequers_serial_rivers_large_a, pond
Lair:5:   beast_lair_carwin_large_3, layout_cave_shapes,
          minmay_slime_entry_oklob_open, gammafunk_ghost_necromancy,
          lemuel_fruit_fields, lemuel_fruit_tree
Lair:6:   grunt_lair_end_beastmaster, layout_misc_corridors
Shoals:1: layout_shoals, st_cyclops
Snake:1:  layout_layer_cave, ebering_ghost_inner_flame, grunt_megastairs_3
Snake:2:  layout_chambers, serial_bayou_shore_b, grunt_megastairs_2
Orc:1:    layout_caves, gammafunk_ghost_grave, nicolae_shop_firing_range,
          uniq_josephine
Orc:2:    st_orc_open, layout_caves, mines2_lemuel

Skill      XL: |  1  2  3  4  5  6  7  8  9 10 11 12 13 14 15 |
---------------+----------------------------------------------+-----
Stealth        | 1 2 3 5 6 7 10 15 14 | 15.0
Unarmed Combat | 4 5 6 10 11 13 14 15 | 15.0
Dodging        | 6 9 10 14 15 16 | 16.0
Fighting       | 6 8 11 13 14 15 | 15.0
Evocations     | 2 10 | 10.0

Action                   |  1- 3 |  4- 6 |  7- 9 | 10-12 | 13-15 || total
-------------------------+-------+-------+-------+-------+-------++-------
Melee: Unarmed           |    80 |   117 |   273 |   648 |  1297 ||  2415
       Bite              |     5 |    10 |    30 |   101 |   183 ||   329
       Punch             |       |     5 |     6 |    38 |   111 ||   160
Invok: Berserk           |     4 |     7 |    10 |    42 |    45 ||   108
       Trog's Hand       |       |     1 |     4 |     7 |    12 ||    24
       Brothers in Arms  |       |       |       |     3 |       ||     3
Evoke: Box of beasts     |       |       |       |     2 |     1 ||     3
       Wand              |       |       |       |     1 |     8 ||     9
       Piece from Xom's  |       |       |       |     2 |       ||     2
       Condenser vane    |       |       |       |       |     1 ||     1
  Use: Scroll            |       |     5 |     8 |    14 |     7 ||    34
       Potion            |       |     1 |       |       |     6 ||     7
 Stab: Sleeping          |     6 |     4 |    10 |    17 |    30 ||    67
       Distracted        |       |     1 |     2 |     2 |     6 ||    11
Armor: Skin              |     2 |     3 |    14 |    15 |    47 ||    81
Dodge: Dodged            |    53 |    88 |   223 |   496 |  1419 ||  2279
Block: Other             |       |       |       |    80 |       ||    80
       Reflection        |       |       |       |     4 |       ||     4
